Map: Rifts to Korhal

Players

NamroodTuo

  • Race: Terran Terran

UncleDolphin

  • Race: Terran Terran
  • Spawn Location: 7:00

VOD

Have the link to the VOD?

Description

Time

  • Played on: June 7, 2023, 2:58 p.m.
  • Length: 18:03
Show
View Real Time Build Order
Export as new Build Order

NamroodTuo Terran 

Build Orders:  

Get SALT Encoding   

  12  0:05  SCV  
  13  0:22  SCV  
  14  0:32  Refinery  
  14  0:39  SCV  
  15  0:41  Refinery  
  15  0:56  SCV  
  16  1:13  SCV  
  17  1:29  Engineering Bay  
  17  1:30  SCV  
  17  1:33  Engineering Bay  
  18  1:47  SCV  
  19  2:06  Gunslingers Hideout  
  19  2:42  Muscle Armory  
  19  2:43  Outlaw Weapons Level 1  
  19  2:47  Outlaw Life and Armor Level 1  
  19  2:56  SCV  
  20  3:01  Tychus  
  20  3:13  SCV  
  21  3:28  Auto-Turret  
  21  3:30  SCV  
  22  3:51  SCV  
  23  4:04  Medivac Platform  
  23  4:08  SCV  
  24  4:26  SCV  
  25  4:44  Outlaw Weapons Level 2  
  25  4:48  Outlaw Life and Armor Level 2  
  25  4:50  SCV  
  26  5:08  SCV  
  27  6:29  James Sirius Sykes  
  37  6:44  SCV  
  38  6:56  Fixers Safehouse  
  38  7:04  ITC-E Triggers  
  38  7:08  Flashforce GDM Visor  
  38  8:00  Command Center  
  38  8:38  Outlaw Weapons Level 3  
  38  8:51  Outlaw Life and Armor Level 3  
  38  9:31  Rob Cannonball Boswell  
  48  9:43  SCV  
  48  9:49  SCV  
  50  10:00  SCV  
  50  10:06  SCV  
  52  10:17  SCV  
  53  10:23  SCV  
  54  10:34  SCV  
  55  10:40  SCV  
  56  10:51  SCV  
  56  10:57  SCV  
  58  11:18  Endurance Supplements  
  58  11:31  Kev Rattlesnake West  
  68  13:45  Outlaw Weapons Level 4  
  68  13:47  Outlaw Life and Armor Level 4  
  68  13:54  Secret Stash Stimpack  
  68  14:40  Kel-Morian Ripper Rounds  
  68  14:50  Refinery  
  68  14:52  SCV  
  68  14:54  Refinery  
  69  15:09  SCV  
  70  15:26  SCV  
  71  15:43  SCV  
  72  16:00  SCV  
Show
View Real Time Build Order
Export as new Build Order

UncleDolphin Terran 

Build Orders:  

Get SALT Encoding   

  12  0:04  SCV  
  13  0:21  SCV  
  14  0:30  Supply Depot  
  14  0:39  SCV  
  15  0:54  Barracks  
  15  1:00  SCV  
  15  1:05  Refinery  
  16  1:17  SCV  
  17  1:22  Supply Depot  
  17  1:34  SCV  
  18  1:41  Refinery  
  18  1:50  SCV  
  19  2:01  Supply Depot  
  19  2:07  SCV  
  20  2:20  Marine  
  20  2:24  SCV  
  22  2:39  Barracks Reactor  
  23  2:41  SCV  
  24  2:58  SCV  
  25  3:15  SCV  
  26  3:22  Marine  
  26  3:32  SCV  
  26  3:34  Marine  
  26  3:35  Marine  
  29  3:46  Marine  
  29  3:47  Marine  
  29  3:49  SCV  
  32  3:59  Marine  
  33  4:00  Marine  
  33  4:03  Engineering Bay  
  33  4:06  SCV  
  35  4:23  SCV  
  36  4:40  SCV  
  36  4:41  Engineering Bay  
  37  4:57  SCV  
  38  5:19  Supply Depot  
  38  5:35  Barracks  
  38  5:48  Factory  
  38  5:53  Supply Depot  
  38  5:58  SCV  
  39  6:11  Barracks Tech Lab  
  39  6:15  SCV  
  40  6:21  Barracks  
  40  6:26  Supply Depot  
  40  6:32  SCV, Command Center  
  40  6:33  Unknown  
  40  6:35  Terran Infantry Weapons Level 1  
  40  6:37  Terran Infantry Armor Level 1  
  41  6:42  Medic  
  41  6:49  SCV  
  44  6:54  Medic  
  44  6:56  Barracks Tech Lab  
  44  6:58  Supply Depot  
  46  7:06  SCV  
  47  7:20  Armory  
  47  7:22  Missile Turret  
  47  7:27  Concussive Shells  
  47  7:29  Supply Depot  
  47  7:30  SCV  
  48  7:47  SCV  
  49  7:56  Refinery  
  49  8:01  Supply Depot  
  49  8:04  SCV  
  50  8:21  SCV  
  50  8:23  Unknown  
  50  8:29  SCV  
  52  8:31  Refinery  
  52  8:38  SCV  
  53  8:46  SCV  
  54  8:51  Marauder x2  
  54  8:55  SCV  
  54  8:57  Marine  
  60  9:00  Marine  
  60  9:03  SCV  
  60  9:05  Medic  
  60  9:06  Medic  
  66  9:10  Marine  
  66  9:11  SCV  
  66  9:13  Marine  
  66  9:18  Marine  
  70  9:20  SCV  
  70  9:26  Marauder  
  70  9:28  SCV  
  74  9:31  Marauder, Marine  
  74  9:37  SCV  
  78  9:40  Marine, Medic  
  78  9:44  Marine  
  78  9:45  SCV  
  83  9:52  Marine, Supply Depot  
  83  9:54  SCV  
  83  9:56  Marine  
  86  10:11  SCV  
  86  10:18  Marauder x2  
  91  10:20  Marine  
  91  10:21  Marine  
  91  10:23  Supply Depot  
  91  10:28  SCV  
  94  10:33  Marine x2, Medic x2  
  94  10:36  Terran Infantry Weapons Level 2  
  94  10:39  Terran Infantry Armor Level 2  
  100  10:45  Medic x2  
  104  10:58  Medic  
  106  11:08  Supply Depot  
  106  11:39  Supply Depot  
  104  12:11  Supply Depot  
  104  12:20  Medic x2  
  104  12:23  Marine x2  
  110  12:33  Marauder x2  
  110  12:35  Marine  
  110  12:36  Marine  
  116  12:43  Supply Depot  
  116  12:48  Marine x2, Marauder x2  
  122  13:00  Marine  
  122  13:01  Marine  
  122  13:03  Marine  
  125  13:16  Supply Depot  
  125  13:19  Marine  
  125  13:20  Marine  
  125  13:24  Marauder x2  
  131  13:32  Marine x2  
  131  13:39  Firebat x2  
  137  13:44  Marine  
  137  13:45  Marine  
  137  13:47  Terran Infantry Weapons Level 3  
  137  13:49  Terran Infantry Armor Level 3  
  139  13:50  Supply Depot  
  139  13:54  Firebat x2  
  139  13:57  Marine x2  
  145  14:09  Marine x2, Firebat x2  
  151  14:21  Supply Depot  
  151  14:22  Marine  
  151  14:24  Firebat x2  
  156  14:38  Medic x2  
  158  14:46  Marine x2  
  160  14:50  Medic  
  160  14:51  Medic  
  160  14:53  Supply Depot  
  160  14:58  Marine  
  160  14:59  Marine  
  166  15:03  Firebat  
  166  15:04  Firebat  
  170  15:11  Marine x2  
  170  15:18  Firebat  
  173  15:22  Firebat  
  173  15:23  Marine  
  173  15:24  Marine  
  173  15:26  Supply Depot  
  175  15:41  Firebat x2  
  175  15:44  Marine x2  
  181  15:55  Medic  
  181  15:56  Marine x2, Medic  
  181  15:58  Supply Depot  
  187  16:08  Marine, Firebat  
  187  16:09  Marine, Firebat  
  168  16:21  Marine x2  
  168  16:23  Marine  
  168  16:27  Firebat  
  173  16:33  Marine, Supply Depot  
  173  16:34  Marine  
  173  16:36  Firebat  
  177  16:42  Medic  
  177  16:46  Marine x2  
  181  16:50  Medic  
  181  16:54  Medic  
  181  16:58  Marine x2  
  185  17:03  Marauder  
  185  17:04  Supply Depot  
  185  17:07  Marauder  
  183  17:11  Marine x2  
  183  17:18  Marauder  
  185  17:22  Marauder  
  185  17:23  Marine  
  188  17:30  Marine  
  188  17:33  Firebat  
  188  17:36  Marine  
  188  17:37  Firebat, Supply Depot  
Tags
 
Commander
RaynorTychus
Matchup
Co-op
Replay Pack
Multiplayer
Add a new tag
Caveats
  • Supply blocks, unpowered buildings, or Contaminate may cause inaccurate times.
  • Supply counts are checked every 10 seconds.